 Dungeon Crawl Stone Soup version 0.28.0-45-g0d030f2227 (webtiles) character file.

Game seed: 2444970679141795223

88 MisterFreud the Cutter (level 4, -1/26 HPs)
             Began as an Octopode Gladiator on May 27, 2022.
             Was a Follower of Hepliaklqana.
             Succumbed to a gnoll's poison
             ... on level 2 of the Dungeon.
             The game lasted 00:01:28 (1356 turns).

MisterFreud the Cutter (Octopode Gladiator)         Turns: 1356, Time: 00:01:28

Health: -1/26      AC:  1    Str: 13    XL:     4   Next: 53%
Magic:  4/4        EV: 14    Int: 10    God:    Hepliaklqana [*.....]
Gold:   57         SH:  0    Dex: 15    Spells: 3/3 levels left

rFire   . . .      SeeInvis .   a - +0 rapier
rCold   . . .      Faith    .   (no shield)
rNeg    . . .      Spirit   .   f - +0 hat
rPois   .          Reflect  .   (no amulet)
rElec   .          Harm     .   (no ring)
rCorr   .          Rampage  .   (no ring)
Will    .....                   (no ring)
Stlth   ++........              (no ring)
HPRegen 0.08/turn               (no ring)
MPRegen 0.09/turn               (no ring)
                                (no ring)
                                (no ring)

@: lethally poisoned (-1 -> -11), invisible
A: reduced essence, almost no armour, amphibious, 8 rings, camouflage 1,
gelatinous body 1, (nimble swimmer 1), tentacles
a: Renounce Religion, Recall Ancestor, Ancestor Identity


You were on level 2 of the Dungeon.
You worshipped Hepliaklqana.
Hepliaklqana was aware of your devotion.
You visited 1 branch of the dungeon, and saw 2 of its levels.

You collected 57 gold pieces.

Inventory:

Hand Weapons
 a - a +0 rapier (weapon)
Missiles
 c - 3 throwing nets (quivered)
Armour
 b - a +0 hat
 f - a +0 hat (worn)
Scrolls
 d - a scroll of vulnerability {unknown}
 e - a scroll of noise {unknown}
 g - 2 scrolls of teleportation {unknown}


   Skills:
 - Level 2.0 Fighting
 + Level 5.2 Short Blades
 - Level 2.0 Throwing
 - Level 3.0 Dodging


You had 3 spell levels left.
You didn't know any spells.
Your spell library was empty.

Dungeon Overview and Level Annotations

Branches:
Dungeon (2/15)

Altars:
Hepliaklqana

Shops:
D:2 =


Innate Abilities, Weirdness & Mutations

Your life essence is reduced to manifest your ancestor. (-10% HP)
You cannot wear most types of armour.
You are amphibious.
You can wear up to eight rings at the same time.
Your skin changes colour to match your surroundings (Stealth+).
Your rubbery body absorbs attacks. (AC +1, EV +1)
((You are camouflaged when in or above water. (Stealth+)))
You have tentacles for arms and can constrict up to eight enemies at once.


Message History

Leofric hits the gnoll shaman.
The gnoll shaman misses you.
You puncture the gnoll shaman!
The gnoll shaman is severely wounded.
You constrict the gnoll shaman, but do no damage.
Leofric hits the gnoll shaman.
The gnoll shaman hits you with a +0 long sword!
You hit the gnoll shaman.
The gnoll shaman is almost dead.
You constrict the gnoll shaman.
Leofric hits the gnoll shaman.
The gnoll shaman dies!
Your Short Blades skill increases to level 5!
g - 2 scrolls labelled XENO ILOIF (gained 1)
Things that are here:
a +0 long sword; a +0 leather armour No target in view!
A gnoll comes into view. It is wielding a +1 whip of venom.
A gnoll is nearby!
You swap places.
A hobgoblin comes into view.
The gnoll hits you with a +1 whip of venom.
You are poisoned.
You are too injured to fight recklessly!
You are too injured to fight recklessly!
Unknown command.
You feel sick.
The hobgoblin completely misses Leofric.
The gnoll misses Leofric.
You swap places.
You feel sick. The hobgoblin hits you.
* * * LOW HITPOINT WARNING * * *
The gnoll hits you with a +1 whip of venom.
* * * LOW HITPOINT WARNING * * *
You are lethally poisoned!
Unknown command.
It was a potion of invisibility.
You fade into invisibility!
* * * LOW HITPOINT WARNING * * *
You feel very sick. The hobgoblin closely misses you. The gnoll misses you.
Unknown command.
You die...

.###..## #R#.###.#
.#..### #.....#.# # .
.#..#######....#.#.#.#
.............###.#.#.###
.................)......
.............###)#.....#
.#.#######...###.#..##.#
.#.# ##.........# .#.#
#..###@#.###.# ##.#
#...g.R......# ...#
......g#)#.##### ####
###.#..#.#.# # #..#.# #
#..#.# #..#.# ## #....#
.#.# #....#


You could see the friendly Leofric the ancestor, a gnoll (ally target) and a
hobgoblin.

Vanquished Creatures
  A gnoll (D:2)
  A dart slug (D:1)
  6 endoplasms (D:1)
  3 giant cockroaches
  3 goblins (D:1)
  A hobgoblin (D:1)
  4 jackals (D:1)
  6 ball pythons (D:1)
  3 bats (D:1)
  A frilled lizard (D:1)
  2 kobolds (D:1)
  4 rats
35 creatures vanquished.

Vanquished Creatures (collateral kills)
  A gnoll shaman (D:2)
  A gnoll (D:2)
2 creatures vanquished.

Grand Total: 37 creatures vanquished

Notes
Turn   | Place    | Note
-------+----------+-------------------------------------------
     0 | D:1      | MisterFreud the Octopode Gladiator began the quest for the
                  | Orb.
     0 | D:1      | Reached XP level 1. HP: 14/14 MP: 1/1
   333 | D:1      | Reached XP level 2. HP: 14/19 MP: 2/2
   489 | D:1      | Reached skill level 4 in Short Blades
   667 | D:1      | Reached XP level 3. HP: 24/24 MP: 3/3
  1123 | D:1      | Found a faded altar of an unknown god.
  1131 | D:1      | Prayed at the altar of an unknown god.
  1131 | D:1      | Became a worshipper of Hepliaklqana the Forgotten
  1131 | D:1      | Reached * piety under Hepliaklqana
  1287 | D:2      | Found Koummaam's One-of-a-Kind Rings.
  1323 | D:2      | Reached XP level 4. HP: 23/26 MP: 4/4
  1349 | D:2      | Reached skill level 5 in Short Blades
  1355 | D:2      | HP: 1/26 [poisoned by a gnoll]
  1356 | D:2      | Succumbed to a gnoll's poison

Illustrated notes

Levels and vault maps discovered:
D:1:      minmay_arrival_hallway, layout_rooms, ebering_ecumenical_altar_webs
D:2:      layout_basic, nicolae_shop_unique_rings

Skill      XL: |  1  2  3  4 |
---------------+-------------+-----
Short Blades   | 4 5 |  5.2
Fighting       | |  2.0
Throwing       | |  2.0
Dodging        | |  3.0

Action                   |  1- 3 |  4- 6 || total
-------------------------+-------+-------++-------
Melee: Rapier            |    61 |     7 ||    68
       Constrict         |    17 |     2 ||    19
       Tentacles         |    13 |       ||    13
  Use: Potion            |       |     1 ||     1
 Stab: Sleeping          |     4 |       ||     4
Armor: Skin              |     2 |       ||     2
Dodge: Dodged            |    46 |     7 ||    53
